 Dungeon Crawl Stone Soup version 0.17.1-3-g152610e (webtiles) character file.

123 Blunderbuss the Skirmisher (level 5, -1/54 HPs)
             Began as an Ogre Wanderer on Apr 21, 2016.
             Slain by Grinder (3 damage)
             ... on level 3 of the Dungeon.
             The game lasted 00:10:51 (1871 turns).

Blunderbuss the Skirmisher (Ogre Wanderer)          Turns: 1871, Time: 00:10:51

Health: -1/54      AC:  4    Str: 18    XL:     5   Next: 7%
Magic:  4/10       EV:  9    Int: 11    God:
Gold:   134        SH:  0    Dex:  9    Spells: 1 memorised, 10 levels left

rFire  . . .     SeeInvis .     a - +4 quarterstaff (chaos)
rCold  . . .     Clarity  .     e - +0 robe
rNeg   . . .     SustAt   .     (shield currently unavailable)
rPois  .         Gourm    .     (helmet restricted)
rElec  .         Spirit   .     c - +0 cloak
rCorr  .         Warding  .     (gloves unavailable)
rMut   .         Stasis   .     (boots unavailable)
MR     .....                    (no amulet)
Stlth  +.........               (no ring)
                                (no ring)

@: not resistant to hostile enchantments, very unstealthy
A: unfitting armour, tough skin 1
a: no special abilities


You were on level 3 of the Dungeon.
You were full.

You visited 1 branch of the dungeon, and saw 3 of its levels.

You collected 134 gold pieces.

Inventory:

Hand Weapons
 a - a +4 quarterstaff of chaos (weapon)
Armour
 c - a +0 cloak (worn)
 e - a +0 robe (worn)
Scrolls
 g - a scroll of enchant armour {unknown}
 h - a scroll of random uselessness {unknown}
 i - 2 scrolls of enchant weapon {unknown}
 j - a scroll of blinking {unknown}
 k - 2 scrolls of recharging {unknown}
 l - 2 scrolls of amnesia {unknown}
 o - 2 scrolls of teleportation {unknown}
 p - 2 scrolls of remove curse
Potions
 f - a potion of lignification {unknown}
 m - a potion of flight {unknown}
 n - 3 potions of might {unknown}
 q - a potion of cancellation {unknown}
Books
 d - the Disquisition on Clay

   Spells                             Type                      Level
   a - Sandblast                      Earth                        1
   b - Passwall                       Transmutation/Earth          3


   Skills:
 - Level 4.0 Fighting
   Level 2.4(2.6) Maces & Flails
 + Level 0.8(1.3) Staves
 - Level 1.0 Throwing
   Level 1.0 Shields
 - Level 1.8 Unarmed Combat
 * Level 3.5 Spellcasting
 + Level 2.1 Earth Magic


You had 10 spell levels left.
You knew the following spells:

 Your Spells              Type           Power        Failure   Level  Hunger
a - Sandblast             Erth           #.....       12%         1    #......


Dungeon Overview and Level Annotations

Branches:
Dungeon (3/15)

Altars:

Annotations:
D:3 Grinder


Innate Abilities, Weirdness & Mutations

You are too large for most types of armour.
You have tough skin (AC +1).


Message History

Grinder is heavily wounded.
Grinder hits you but does no damage. Grinder closely misses you.
You sock Grinder!
Grinder appears momentarily distorted.
Grinder is severely wounded.
Grinder barely misses you.
You barely miss Grinder.
Grinder is severely wounded.
Grinder hits you but does no damage.
You hit Grinder.
Grinder is severely wounded.
Grinder completely misses you.
You hit Grinder.
Grinder flickers and vanishes!
Deactivating autopickup; reactivate with Ctrl-A.
Something tries to affect you, but you resist.
You miss something. Something hits you!
* * * LOW HITPOINT WARNING * * *
You writhe in agony.
* * * LOW HITPOINT WARNING * * *
Something hits you.
You die...

#######.#
........#######
###...........#
###########.#
#.# #.# #.# #.#
#@# #{# ..#
.### .. #. #. #


There were no monsters in sight!

Vanquished Creatures
  Crazy Yiuf (D:2)
  Terence (D:2)
  3 adders
  An ooze (D:2)
  A worm (D:2)
  3 hobgoblins
  3 kobolds
  A ball python (D:2)
  6 bats
  2 giant geckos
  2 giant newts
  6 goblins
  A quokka (D:2)
  6 rats
37 creatures vanquished.

Notes
Turn   | Place    | Note
--------------------------------------------------------------
     0 | D:1      | Blunderbuss the Ogre Wanderer began the quest for the Orb.
     0 | D:1      | Blunderbuss set off with: a potion of heal wounds, a potion of berserk rage, a potion of curing, the Disquisition on Clay, a +0 robe, a +0 club, a bread ration
     0 | D:1      | Reached XP level 1. HP: 24/24 MP: 2/2
     0 | D:1      | Identified the Disquisition on Clay
     2 | D:1      | Learned a level 1 spell: Sandblast
   521 | D:1      | Reached skill level 1 in Maces & Flails
   554 | D:1      | Reached XP level 2. HP: 24/32 MP: 2/4
   799 | D:2      | Reached XP level 3. HP: 12/39 MP: 0/6
  1121 | D:2      | Noticed Terence
  1133 | D:2      | Killed Terence
  1133 | D:2      | Reached XP level 4. HP: 48/48 MP: 5/8
  1268 | D:2      | Noticed Crazy Yiuf
  1393 | D:2      | Killed Crazy Yiuf
  1748 | D:3      | Reached XP level 5. HP: 50/54 MP: 10/10
  1855 | D:3      | Noticed Grinder
  1871 | D:3      | HP: 2/54 [something (6)]
  1871 | D:3      | Slain by Grinder

Action                   |  1- 3 |  4- 6 || total
-------------------------+-------+-------++-------
Melee: Club              |    64 |    18 ||    82
       Quarterstaff      |       |    24 ||    24
 Cast: Sandblast         |    20 |    33 ||    53
  Use: Potion            |     2 |     2 ||     4
       Scroll            |       |     1 ||     1
 Stab: Sleeping          |     1 |       ||     1
  Eat: Bread ration      |     1 |       ||     1
       Fruit             |       |     4 ||     4
       Pizza             |       |     1 ||     1
